WCHLSIM.com - West Coast Hockey League
html PUBLIC "-//W3C//DTD XHTML 1.0 Transitional//EN" "http://www.w3.org/TR/xhtml1/DTD/xhtml1-transitional.dtd"> WCHL - Game 592 - BOISE CARIBOUS vs TEXAS TOROS

BOISE CARIBOUS vs TEXAS TOROS

Created - 7 janvier 2020 at 17:31

Goals
1 2 3 T
BOISE CARIBOUS 0 2 1 3
TEXAS TOROS 1 1 2 4
Shots
1 2 3 T
BOISE CARIBOUS 7 9 4 20
TEXAS TOROS 5 9 12 26

1st period

1. TEXAS TOROS , Johan Larsson 10 (Braydon Coburn 3, Jake Virtanen 14) at 10:00

Penalties :
Justin Abdelkader (TEX) for Holding (Minor) at 6:07

2nd period

2. TEXAS TOROS , Sven Baertschi 7 (Brock McGinn 7, Derek Stepan 23) at 10:34
3. BOISE CARIBOUS , Thomas Vanek 7 (Radek Faksa 14, Greg Pateryn 5) at 14:44
4. BOISE CARIBOUS , Connor Brown 4 (Jesperi Kotkaniemi 12) at 18:56

Penalties :
No Penalty

3rd period

5. TEXAS TOROS , Brock McGinn 10 (Tyson Barrie 23, Erik Johnson 14) at 4:35
6. BOISE CARIBOUS , Melker Karlsson 6 (Lawson Crouse 10, Nick Leddy 10) at 15:31
7. TEXAS TOROS , Derek Stepan 14 (Erik Gustafsson 22) at 18:31

Penalties :
No Penalty

Goalie Stats

Andrew Hammond (BOI), 22 saves from 26 shots - (0,846), L, 1-5-1, 58:35 minutes
Cory Schneider (TEX), 17 saves from 20 shots - (0,850), W, 11-10-0, 60:00 minutes

Players Stats for BOISE CARIBOUS

Player Name              G  A  P  +/- PIM S  H  SB GA TA FO     MP     PP MP  PK MP  
------------------------------------------------------------------------------------
Andre Burakovsky         0  0  0  -1  0   1  0  0  0  0  1/1    15:39   0:35   0:00 
Brian Boyle              0  0  0   1  0   4  2  0  0  0  1/1    15:04   1:09   0:00 
Connor Brown             1  0  1   1  0   3  0  1  0  0  0/1    15:36   1:09   0:00 
Darren Helm              0  0  0  -1  0   0  0  0  0  0  1/1    14:43   0:00   0:00 
Greg Pateryn             0  1  1   2  0   0  3  2  0  0  0/0    18:09   0:07   0:00 
Jesperi Kotkaniemi       0  1  1   1  0   0  0  0  0  0  12/18  15:04   1:09   0:00 
Kyle Turris              0  0  0   0  0   2  0  0  0  0  8/14   15:09   0:50   0:00 
Lawson Crouse            0  1  1   0  0   3  5  0  0  0  0/0    14:37   0:50   0:00 
Mario Kempe              0  0  0  -1  0   0  3  0  0  0  0/0    15:17   0:34   0:00 
Melker Karlsson          1  0  1   0  0   1  0  2  0  0  0/0    13:47   0:00   0:00 
Mike Reilly              0  0  0  -2  0   1  3  0  0  0  0/0    20:15   0:00   0:00 
Mirco Mueller            0  0  0  -2  0   0  1  2  0  0  0/0    20:58   0:43   0:00 
Nick Leddy               0  1  1  -1  0   2  1  1  0  0  0/0    19:44   0:00   0:00 
Radek Faksa              0  1  1  -1  0   0  0  1  0  0  6/14   15:04   0:00   0:00 
T.J. Tynan               0  0  0  -1  0   1  0  0  0  0  7/14   15:33   0:50   0:00 
Thomas Vanek             1  0  1  -1  0   2  2  0  0  0  0/1    16:26   0:50   0:00 
Will Butcher             0  0  0   2  0   0  2  1  0  0  0/0    19:43   1:09   0:00 
Zach Redmond             0  0  0  -1  0   0  2  0  0  0  0/0    19:12   0:00   0:00 

Players Stats for TEXAS TOROS

Player Name              G  A  P  +/- PIM S  H  SB GA TA FO     MP     PP MP  PK MP  
------------------------------------------------------------------------------------
Braydon Coburn           0  1  1   0  0   0  0  1  0  0  0/0    15:31   0:00   0:46 
Brock McGinn             1  1  2   3  0   2  2  0  0  0  0/1    20:14   0:00   0:12 
David Savard             0  0  0   1  0   0  4  1  0  0  0/0    22:34   0:00   0:34 
Derek Stepan             1  1  2   3  0   5  1  0  0  0  13/21  20:02   0:00   0:00 
Dmitry Kulikov           0  0  0   0  0   0  0  3  0  0  0/0    15:24   0:00   1:13 
Erik Gustafsson          0  1  1   1  0   1  0  0  0  0  0/0    20:29   0:00   0:46 
Erik Johnson             0  1  1   0  0   1  2  0  0  0  0/0    22:29   0:00   0:39 
Jack Roslovic            0  0  0  -1  0   2  0  0  0  0  0/1    12:47   0:00   0:34 
Jake Virtanen            0  1  1  -1  0   2  3  0  0  0  0/1    18:13   0:00   0:39 
Johan Larsson            1  0  1  -1  0   2  0  0  0  0  1/1    18:08   0:00   0:34 
Justin Abdelkader        0  0  0  -1  2   1  3  0  0  0  0/0    12:12   0:00   0:00 
Nathan Walker            0  0  0   0  0   0  0  0  0  0  0/0     8:12   0:00   0:00 
Nick Cousins             0  0  0  -1  0   1  0  1  0  0  7/11   14:06   0:00   1:13 
Nick Schmaltz            0  0  0  -1  0   2  0  0  0  0  4/20   16:54   0:00   0:00 
Patrick Russell          0  0  0   0  0   1  1  0  0  0  0/0     8:12   0:00   0:00 
Riley Nash               0  0  0   0  0   2  0  0  0  0  4/9     8:12   0:00   0:00 
Sven Baertschi           1  0  1   3  0   3  0  0  0  0  0/0    20:48   0:00   0:46 
Tyson Barrie             0  1  1   0  0   1  1  0  0  0  0/0    23:33   0:00   0:00 

3 Stars

1 - Brock McGinn (TEX)
2 - Derek Stepan (TEX)
3 - Sven Baertschi (TEX)

Power Play

BOISE CARIBOUS - 0 on 1 Attempt(s) - 0,00%
TEXAS TOROS - 0 on 0 Attempt(s) - 0,00%

Penalty Kill

BOISE CARIBOUS - 0 on 0 Attempt(s) - 0,00% - Score 0 goal in Penalty Kill
TEXAS TOROS - 1 on 1 Attempt(s) - 100,00% - Score 0 goal in Penalty Kill

Team Stat

BOISE CARIBOUS - Hits : 24 - Faceoff Wins : 36 - Blocked Shots : 10 - Penalty Minutes : 0
TEXAS TOROS - Hits : 17 - Faceoff Wins : 29 - Blocked Shots : 6 - Penalty Minutes : 2

Official

Referees : Brad Watson and Brian Pochmara
Linesman : Dan Panciocco and Ed Boyle

Game Notes

No Game Note

Finance

Level 1 -- Attendance: 6500 (100,00%) -- Ticket Income 663 000 $
Level 2 -- Attendance: 5160 (93,82%) -- Ticket Income 335 400 $
Level 3 -- Attendance: 2610 (87,00%) -- Ticket Income 96 570 $
Level 4 -- Attendance: 4687 (93,74%) -- Ticket Income 117 175 $
Luxury Box -- Attendance: 931 (93,10%) -- Ticket Income 195 510 $
Game was played at the Red Bull Arena.
Total Attendance: 19888 (94,70%)
Total Ticket Income: 1 407 655 $
Other Income: 422 296 $
Total Income: 1 829 951 $

BOISE CARIBOUS

5 vs 5 Forward 
   Center                   Left Wing                Right Wing               Time % Phy DF OF 
 1 Radek Faksa              Thomas Vanek             Andre Burakovsky         26     1   4  0  
 2 Jesperi Kotkaniemi       Brian Boyle              Connor Brown             25     1   4  0  
 3 Kyle Turris              Lawson Crouse            Melker Karlsson          25     3   2  0  
 4 T.J. Tynan               Darren Helm              Mario Kempe              24     5   0  0  

5 vs 5 Defense 
   Defense                  Defense                                           Time % Phy DF OF 
 1 Nick Leddy               Zach Redmond                                      34     1   2  2  
 2 Will Butcher             Greg Pateryn                                      33     1   2  2  
 3 Mirco Mueller            Mike Reilly                                       26     1   3  1  
 4 Mirco Mueller            Mike Reilly                                       7      0   5  0  

PowerPlay Forward 
   Center                   Left Wing                Right Wing               Time % Phy DF OF 
 1 Kyle Turris              Thomas Vanek             T.J. Tynan               55     0   2  3  
 2 Jesperi Kotkaniemi       Brian Boyle              Andre Burakovsky         45     1   2  2  

PowerPlay Defense
   Defense                  Defense                                           Time % Phy DF OF 
 1 Will Butcher             Connor Brown                                      55     1   1  3  
 2 Lawson Crouse            Will Butcher                                      45     1   2  2  

Penalty Kill 4 Players Forward 
   Center                   Wing                     Time % Phy DF OF 
 1 Radek Faksa              Darren Helm              60     1   3  1  
 2 Jesperi Kotkaniemi       Melker Karlsson          40     1   3  1  

Penalty Kill 4 Players Defense
   Defense                  Defense                  Time % Phy DF OF 
 1 Nick Leddy               Greg Pateryn             51     1   3  1  
 2 Zach Redmond             Mirco Mueller            49     1   4  0  

Penalty Kill - 3 Players Forward 
   Forward                                           Time % Phy DF OF 
 1 Darren Helm                                       55     1   4  0  
 2 Mario Kempe                                       45     1   4  0  

Penalty Kill - 3 Players Defense
   Defense                  Defense                  Time % Phy DF OF 
 1 Mirco Mueller            Mike Reilly              55     1   4  0  
 2 Greg Pateryn             Zach Redmond             45     2   3  0  

4 vs 4 Forward 
   Center                   Wing                     Time % Phy DF OF 
 1 Kyle Turris              T.J. Tynan               55     1   2  2  
 2 Radek Faksa              Thomas Vanek             45     1   2  2  

4 vs 4 Defense
   Defense                  Defense                  Time % Phy DF OF 
 1 Mike Reilly              Zach Redmond             55     1   2  2  
 2 Will Butcher             Greg Pateryn             45     1   2  2  

Last Minutes Offensive
   Center                   Left Wing                Right Wing               Defense                  Defense                  
   Kyle Turris              Thomas Vanek             T.J. Tynan               Will Butcher             Nick Leddy               

Last Minutes Defensive
   Center                   Left Wing                Right Wing               Defense                  Defense                  
   Radek Faksa              Darren Helm              Melker Karlsson          Mirco Mueller            Greg Pateryn             

Goaltenders
Starting : Andrew Hammond           
Backup : Alex Stalock             

Extra Forwards
Normal : Connor Brown, Melker Karlsson, Lawson Crouse - PP : Kyle Turris, Lawson Crouse - PK : Melker Karlsson
Extra Defensemen
Normal : Zach Redmond, Mirco Mueller, Will Butcher - PP : Mirco Mueller - PK : Nick Leddy, Mirco Mueller
Penalty Shots
Thomas Vanek, Jesperi Kotkaniemi, Radek Faksa, Brian Boyle, Kyle Turris
Custom OT Lines Forwards
T.J. Tynan, Brian Boyle, Radek Faksa, Thomas Vanek, Kyle Turris, Jesperi Kotkaniemi, Connor Brown, Darren Helm, Melker Karlsson, Lawson Crouse
Custom OT Lines Defensemen
Will Butcher, Mike Reilly, Greg Pateryn, Nick Leddy, Zach Redmond

Scratches
Tom Wilson (Left Wrist Injury), Brendan Smith (Right Ankle Injury), Macoy Erkamps (Healthy), Seth Griffith (Healthy), Casey DeSmith (Healthy)
Michal Neuvirth (Healthy), Joel Hofer (Healthy)

TEXAS TOROS

5 vs 5 Forward 
   Center                   Left Wing                Right Wing               Time % Phy DF OF 
 1 Derek Stepan             Sven Baertschi           Brock McGinn             41     0   2  3  
 2 Nick Schmaltz            Johan Larsson            Jake Virtanen            33     1   2  2  
 3 Nick Cousins             Justin Abdelkader        Jack Roslovic            18     1   2  2  
 4 Riley Nash               Nathan Walker            Patrick Russell          8      2   2  1  

5 vs 5 Defense 
   Defense                  Defense                                           Time % Phy DF OF 
 1 Erik Johnson             Tyson Barrie                                      40     1   2  2  
 2 Erik Gustafsson          David Savard                                      33     1   2  2  
 3 Braydon Coburn           Dmitry Kulikov                                    17     1   2  2  
 4 Tyson Barrie             David Savard                                      10     1   2  2  

PowerPlay Forward 
   Center                   Left Wing                Right Wing               Time % Phy DF OF 
 1 Sven Baertschi           Riley Nash               Nick Cousins             55     0   1  4  
 2 Derek Stepan             Johan Larsson            Jake Virtanen            45     0   1  4  

PowerPlay Defense
   Defense                  Defense                                           Time % Phy DF OF 
 1 Erik Johnson             Tyson Barrie                                      55     0   1  4  
 2 Erik Gustafsson          David Savard                                      45     0   1  4  

Penalty Kill 4 Players Forward 
   Center                   Wing                     Time % Phy DF OF 
 1 Jake Virtanen            Nick Cousins             55     1   3  1  
 2 Johan Larsson            Jack Roslovic            45     1   3  1  

Penalty Kill 4 Players Defense
   Defense                  Defense                  Time % Phy DF OF 
 1 Erik Johnson             Dmitry Kulikov           55     1   3  1  
 2 Erik Gustafsson          David Savard             45     1   3  1  

Penalty Kill - 3 Players Forward 
   Forward                                           Time % Phy DF OF 
 1 Nick Cousins                                      55     1   4  0  
 2 Jake Virtanen                                     45     1   4  0  

Penalty Kill - 3 Players Defense
   Defense                  Defense                  Time % Phy DF OF 
 1 Erik Johnson             Braydon Coburn           55     1   4  0  
 2 Erik Gustafsson          David Savard             45     1   4  0  

4 vs 4 Forward 
   Center                   Wing                     Time % Phy DF OF 
 1 Johan Larsson            Nick Cousins             55     1   1  3  
 2 Riley Nash               Jake Virtanen            45     1   1  3  

4 vs 4 Defense
   Defense                  Defense                  Time % Phy DF OF 
 1 Erik Johnson             Tyson Barrie             55     1   1  3  
 2 Erik Gustafsson          David Savard             45     1   1  3  

Last Minutes Offensive
   Center                   Left Wing                Right Wing               Defense                  Defense                  
   Derek Stepan             Jake Virtanen            Nick Schmaltz            Erik Johnson             David Savard             

Last Minutes Defensive
   Center                   Left Wing                Right Wing               Defense                  Defense                  
   Riley Nash               Johan Larsson            Nick Cousins             Braydon Coburn           David Savard             

Goaltenders
Starting : Cory Schneider           
Backup : Anders Nilsson           

Extra Forwards
Normal : Jake Virtanen, Nick Cousins, Sven Baertschi - PP : Nick Schmaltz, Nick Cousins - PK : Sven Baertschi
Extra Defensemen
Normal : Braydon Coburn, Dmitry Kulikov, Erik Gustafsson - PP : Braydon Coburn - PK : Dmitry Kulikov, Erik Gustafsson
Penalty Shots
Nick Schmaltz, Sven Baertschi, Johan Larsson, Nick Cousins, Jake Virtanen
Custom OT Lines Forwards
Nick Schmaltz, Riley Nash, Nathan Walker, Derek Stepan, Jake Virtanen, Johan Larsson, Nick Cousins, Sven Baertschi, Jack Roslovic, Patrick Russell
Custom OT Lines Defensemen
Dmitry Kulikov, Tyson Barrie, Erik Gustafsson, David Savard, Braydon Coburn

Scratches
Alexander Wennberg (Fractured Right Foot Injury), Sergei Boikov (Healthy), Christoffer Ehn (Healthy), Connor Bunnaman (Healthy), Dante Fabbro (Healthy)
Johnathan Kovacevic (Healthy), Marian Studenic (Healthy), Morgan Klimchuk (Healthy), Ryan Sproul (Healthy), Ryan Olsen (Healthy)
Zach Senyshyn (Healthy)

% Time on Ice - BOISE CARIBOUS

Lines # - Real PCT - Wanted PCT - Time Play
Normal Forward
1 - 26% - 26% - 15:04
2 - 24% - 25% - 13:55
3 - 24% - 25% - 13:47
4 - 26% - 24% - 14:43
Normal Defense
1 - 33% - 34% - 19:12
2 - 31% - 33% - 18:02
3 - 27% - 26% - 15:19
4 - 9% - 7% - 4:56
PP Forward
1 - 42% - 55% - 0:50
2 - 58% - 45% - 1:09
PP Defense
1 - 58% - 55% - 1:09
2 - 42% - 45% - 0:50
PK Forward
1 - 0% - 60%
2 - 0% - 40%
PK Defense
1 - 0% - 51%
2 - 0% - 49%
PK3 Forward
1 - 0% - 55%
2 - 0% - 45%
PK3 Defense
1 - 0% - 55%
2 - 0% - 45%
44 Forward
1 - 0% - 55%
2 - 0% - 45%
44 Defense
1 - 0% - 55%
2 - 0% - 45%
Last Minute Offensive  - 0:32
Last Minute Defensive  - 0:00
Total
Forward - 60:00
Defense - 60:00

% Time on Ice - TEXAS TOROS

Lines # - Real PCT - Wanted PCT - Time Play
Normal Forward
1 - 35% - 41% - 20:02
2 - 29% - 33% - 16:54
3 - 21% - 18% - 12:13
4 - 14% - 8% - 8:12
Normal Defense
1 - 38% - 40% - 21:50
2 - 31% - 33% - 17:54
3 - 25% - 17% - 14:11
4 - 6% - 10% - 3:26
PP Forward
1 - 0% - 55%
2 - 0% - 45%
PP Defense
1 - 0% - 55%
2 - 0% - 45%
PK Forward
1 - 71% - 55% - 1:25
2 - 29% - 45% - 0:34
PK Defense
1 - 61% - 55% - 1:13
2 - 39% - 45% - 0:46
PK3 Forward
1 - 0% - 55%
2 - 0% - 45%
PK3 Defense
1 - 0% - 55%
2 - 0% - 45%
44 Forward
1 - 0% - 55%
2 - 0% - 45%
44 Defense
1 - 0% - 55%
2 - 0% - 45%
Last Minute Offensive  - 0:00
Last Minute Defensive  - 0:40
Total
Forward - 60:00
Defense - 60:00

Play-by-Play

1st period


0:01 of 1st period - Derek Stepan wins face-off versus Radek Faksa in neutral zone.
0:29 of 1st period - Shot by Derek Stepan.
0:29 of 1st period - Stopped by Andrew Hammond without a rebound.
0:30 of 1st period - Nick Schmaltz wins face-off versus Jesperi Kotkaniemi in BOISE CARIBOUS zone.
0:53 of 1st period - Shot by Brian Boyle.
0:53 of 1st period - Stopped by Cory Schneider without a rebound.
0:54 of 1st period - Nick Cousins wins face-off versus Kyle Turris in TEXAS TOROS zone.
1:56 of 1st period - Erik Johnson is hit by Mario Kempe and loses puck.
2:08 of 1st period - Darren Helm is hit by Derek Stepan and loses puck.
2:52 of 1st period - Shot by Brian Boyle.
2:52 of 1st period - Shot Misses the Net.
3:07 of 1st period - Icing by Erik Gustafsson.
3:08 of 1st period - Radek Faksa wins face-off versus Nick Schmaltz in TEXAS TOROS zone.
5:42 of 1st period - Shot by Riley Nash.
5:42 of 1st period - Stopped by Andrew Hammond without a rebound.
5:43 of 1st period - Radek Faksa wins face-off versus Nick Cousins in BOISE CARIBOUS zone.
6:07 of 1st period - Minor Penalty to Justin Abdelkader for Holding.
6:08 of 1st period - Jesperi Kotkaniemi wins face-off versus Jake Virtanen in TEXAS TOROS zone.
7:05 of 1st period - Shot by Thomas Vanek.
7:05 of 1st period - Shot Blocked by David Savard.
8:21 of 1st period - Shot by Patrick Russell.
8:21 of 1st period - Stopped by Andrew Hammond without a rebound.
8:22 of 1st period - Kyle Turris wins face-off versus Derek Stepan in BOISE CARIBOUS zone.
9:16 of 1st period - Shot by Riley Nash.
9:16 of 1st period - Shot Misses the Net.
9:19 of 1st period - Riley Nash is hit by Mirco Mueller and loses puck.
9:31 of 1st period - Patrick Russell is hit by Mike Reilly.
9:56 of 1st period - Shot by Nick Schmaltz.
9:56 of 1st period - Deflect By Jake Virtanen.
9:56 of 1st period - Shot Misses the Net.
9:58 of 1st period - Shot by Braydon Coburn.
9:58 of 1st period - Shot Misses the Net.
10:00 of 1st period - Shot by Johan Larsson.
10:00 of 1st period - Goal by Johan Larsson - BOISE CARIBOUS : 0 - TEXAS TOROS : 1.
10:01 of 1st period - Nick Cousins wins face-off versus Radek Faksa in neutral zone.
10:04 of 1st period - Radek Faksa is hit by Justin Abdelkader.
10:27 of 1st period - Shot by Radek Faksa.
10:27 of 1st period - Shot Misses the Net.
10:29 of 1st period - Shot by Thomas Vanek.
10:29 of 1st period - Stopped by Cory Schneider without a rebound.
10:30 of 1st period - Johan Larsson wins face-off versus Jesperi Kotkaniemi in TEXAS TOROS zone.
10:30 of 1st period - Johan Larsson is hit by Brian Boyle.
10:46 of 1st period - Shot by Jake Virtanen.
10:46 of 1st period - Stopped by Andrew Hammond without a rebound.
10:47 of 1st period - Derek Stepan wins face-off versus Kyle Turris in BOISE CARIBOUS zone.
10:54 of 1st period - Shot by Derek Stepan.
10:54 of 1st period - Shot Blocked by Greg Pateryn.
11:44 of 1st period - Shot by Connor Brown.
11:44 of 1st period - Deflect By Brian Boyle.
11:44 of 1st period - Shot Misses the Net.
11:46 of 1st period - Shot by Mirco Mueller.
11:46 of 1st period - Shot Misses the Net.
11:48 of 1st period - Shot by Jesperi Kotkaniemi.
11:48 of 1st period - Deflect By Brian Boyle.
11:48 of 1st period - Stopped by Cory Schneider with a rebound.
11:50 of 1st period - Shot by Brian Boyle.
11:50 of 1st period - Deflect By Jesperi Kotkaniemi.
11:50 of 1st period - Shot Misses the Net.
11:52 of 1st period - Shot by Jesperi Kotkaniemi.
11:52 of 1st period - Shot Misses the Net.
12:08 of 1st period - Shot by Connor Brown.
12:08 of 1st period - Stopped by Cory Schneider without a rebound.
12:09 of 1st period - Radek Faksa wins face-off versus Nick Schmaltz in TEXAS TOROS zone.
12:12 of 1st period - Shot by Andre Burakovsky.
12:12 of 1st period - Stopped by Cory Schneider with a rebound.
12:48 of 1st period - Shot by Andre Burakovsky.
12:48 of 1st period - Shot Misses the Net.
13:28 of 1st period - Shot by Nick Cousins.
13:28 of 1st period - Shot Blocked by Melker Karlsson.
13:30 of 1st period - Shot by Braydon Coburn.
13:30 of 1st period - Shot Blocked by Melker Karlsson.
13:38 of 1st period - Shot by Kyle Turris.
13:38 of 1st period - Shot Misses the Net.
14:03 of 1st period - Icing by Braydon Coburn.
14:04 of 1st period - Nick Cousins wins face-off versus T.J. Tynan in TEXAS TOROS zone.
14:17 of 1st period - Shot by T.J. Tynan.
14:17 of 1st period - Shot Blocked by Nick Cousins.
14:55 of 1st period - Icing by Greg Pateryn.
14:56 of 1st period - Jesperi Kotkaniemi wins face-off versus Derek Stepan in BOISE CARIBOUS zone.
15:59 of 1st period - Icing by Nick Schmaltz.
16:00 of 1st period - Radek Faksa wins face-off versus Nick Schmaltz in TEXAS TOROS zone.
16:53 of 1st period - Radek Faksa is hit by Patrick Russell and loses puck.
17:28 of 1st period - Shot by Kyle Turris.
17:28 of 1st period - Deflect By Lawson Crouse.
17:28 of 1st period - Stopped by Cory Schneider with a rebound.
17:30 of 1st period - Shot by Mike Reilly.
17:30 of 1st period - Stopped by Cory Schneider without a rebound.
17:31 of 1st period - Derek Stepan wins face-off versus T.J. Tynan in TEXAS TOROS zone.
17:31 of 1st period - Derek Stepan is hit by Mario Kempe.
17:39 of 1st period - Icing by Will Butcher.
17:40 of 1st period - T.J. Tynan wins face-off versus Derek Stepan in BOISE CARIBOUS zone.
17:47 of 1st period - Shot by Brock McGinn.
17:47 of 1st period - Shot Misses the Net.
17:51 of 1st period - Shot by Derek Stepan.
17:51 of 1st period - Shot Misses the Net.
18:01 of 1st period - Shot by Brock McGinn.
18:01 of 1st period - Shot Blocked by Will Butcher.
18:03 of 1st period - Shot by Brock McGinn.
18:03 of 1st period - Shot Blocked by Greg Pateryn.
18:06 of 1st period - Brock McGinn is hit by Greg Pateryn.
19:47 of 1st period - Shot by Nick Cousins.
19:47 of 1st period - Shot Misses the Net.
19:49 of 1st period - Shot by Jack Roslovic.
19:49 of 1st period - Shot Blocked by Mirco Mueller.
19:51 of 1st period - Shot by Tyson Barrie.
19:51 of 1st period - Shot Blocked by Mirco Mueller.
Goals for this period are 0 for BOISE CARIBOUS vs 1 for TEXAS TOROS.
Shots for this period are 7 for BOISE CARIBOUS vs 5 for TEXAS TOROS.

2nd period


0:01 of 2nd period - Derek Stepan wins face-off versus Jesperi Kotkaniemi in neutral zone.
0:04 of 2nd period - Shot by Derek Stepan.
0:04 of 2nd period - Deflect By Sven Baertschi.
0:04 of 2nd period - Stopped by Andrew Hammond without a rebound.
0:05 of 2nd period - Jesperi Kotkaniemi wins face-off versus Derek Stepan in BOISE CARIBOUS zone.
0:10 of 2nd period - Shot by Nick Leddy.
0:10 of 2nd period - Stopped by Cory Schneider without a rebound.
0:11 of 2nd period - Derek Stepan wins face-off versus Jesperi Kotkaniemi in TEXAS TOROS zone.
0:22 of 2nd period - Shot by Derek Stepan.
0:22 of 2nd period - Shot Misses the Net.
1:07 of 2nd period - David Savard is hit by Thomas Vanek and loses puck.
2:28 of 2nd period - Nick Cousins is hit by Mike Reilly and loses puck.
2:45 of 2nd period - Melker Karlsson is hit by Justin Abdelkader and loses puck.
2:59 of 2nd period - Nick Cousins is hit by Zach Redmond and loses puck.
3:50 of 2nd period - Riley Nash is hit by Brian Boyle and loses puck.
4:27 of 2nd period - Shot by Nick Schmaltz.
4:27 of 2nd period - Shot Misses the Net.
5:14 of 2nd period - Shot by Derek Stepan.
5:14 of 2nd period - Stopped by Andrew Hammond with a rebound.
5:25 of 2nd period - Radek Faksa is hit by David Savard and loses puck.
5:35 of 2nd period - Off-side.
5:36 of 2nd period - T.J. Tynan wins face-off versus Nick Schmaltz in neutral zone.
5:36 of 2nd period - T.J. Tynan is hit by Jake Virtanen.
6:05 of 2nd period - Tyson Barrie is hit by Nick Leddy and loses puck.
6:44 of 2nd period - Off-side.
6:45 of 2nd period - Kyle Turris wins face-off versus Nick Cousins in neutral zone.
7:13 of 2nd period - Shot by Jack Roslovic.
7:13 of 2nd period - Stopped by Andrew Hammond with a rebound.
7:22 of 2nd period - Nick Cousins is hit by Will Butcher and loses puck.
7:30 of 2nd period - Icing by Greg Pateryn.
7:31 of 2nd period - Derek Stepan wins face-off versus Kyle Turris in BOISE CARIBOUS zone.
7:32 of 2nd period - Shot by Brock McGinn.
7:32 of 2nd period - Shot Misses the Net.
7:36 of 2nd period - Shot by Derek Stepan.
7:36 of 2nd period - Stopped by Andrew Hammond with a rebound.
7:38 of 2nd period - Shot by Brock McGinn.
7:38 of 2nd period - Shot Misses the Net.
7:47 of 2nd period - Derek Stepan is hit by Greg Pateryn and loses puck.
7:51 of 2nd period - Derek Stepan is hit by Greg Pateryn and loses puck.
7:55 of 2nd period - Derek Stepan is hit by Will Butcher and loses puck.
8:45 of 2nd period - Connor Brown is hit by Erik Johnson and loses puck.
9:11 of 2nd period - Icing by Patrick Russell.
9:12 of 2nd period - Riley Nash wins face-off versus T.J. Tynan in TEXAS TOROS zone.
9:31 of 2nd period - Shot by T.J. Tynan.
9:31 of 2nd period - Stopped by Cory Schneider without a rebound.
9:32 of 2nd period - Andre Burakovsky wins face-off versus Nick Cousins in TEXAS TOROS zone.
9:36 of 2nd period - Icing by David Savard.
9:37 of 2nd period - Nick Cousins wins face-off versus Radek Faksa in TEXAS TOROS zone.
10:34 of 2nd period - Shot by Sven Baertschi.
10:34 of 2nd period - Goal by Sven Baertschi - BOISE CARIBOUS : 0 - TEXAS TOROS : 2.
10:35 of 2nd period - Nick Schmaltz wins face-off versus Connor Brown in neutral zone.
11:09 of 2nd period - Connor Brown is hit by Erik Johnson and loses puck.
11:38 of 2nd period - Icing by Will Butcher.
11:39 of 2nd period - Derek Stepan wins face-off versus T.J. Tynan in BOISE CARIBOUS zone.
12:37 of 2nd period - Shot by Lawson Crouse.
12:37 of 2nd period - Shot Misses the Net.
13:20 of 2nd period - Justin Abdelkader is hit by Zach Redmond and loses puck.
13:24 of 2nd period - Icing by Jesperi Kotkaniemi.
13:25 of 2nd period - Jesperi Kotkaniemi wins face-off versus Nick Schmaltz in BOISE CARIBOUS zone.
13:27 of 2nd period - Icing by Connor Brown.
13:28 of 2nd period - Jesperi Kotkaniemi wins face-off versus Nick Schmaltz in BOISE CARIBOUS zone.
14:44 of 2nd period - Shot by Radek Faksa.
14:44 of 2nd period - Deflect By Thomas Vanek.
14:44 of 2nd period - Goal by Thomas Vanek - BOISE CARIBOUS : 1 - TEXAS TOROS : 2.
14:45 of 2nd period - Derek Stepan wins face-off versus T.J. Tynan in neutral zone.
15:26 of 2nd period - Shot by Derek Stepan.
15:26 of 2nd period - Stopped by Andrew Hammond with a rebound.
15:28 of 2nd period - Shot by Erik Gustafsson.
15:28 of 2nd period - Stopped by Andrew Hammond without a rebound.
15:29 of 2nd period - Kyle Turris wins face-off versus Riley Nash in BOISE CARIBOUS zone.
15:48 of 2nd period - Shot by Kyle Turris.
15:48 of 2nd period - Stopped by Cory Schneider without a rebound.
15:49 of 2nd period - Nick Cousins wins face-off versus Thomas Vanek in TEXAS TOROS zone.
15:56 of 2nd period - Shot by Erik Johnson.
15:56 of 2nd period - Stopped by Andrew Hammond without a rebound.
15:57 of 2nd period - Jesperi Kotkaniemi wins face-off versus Nick Cousins in BOISE CARIBOUS zone.
16:12 of 2nd period - Shot by Brian Boyle.
16:12 of 2nd period - Stopped by Cory Schneider with a rebound.
18:02 of 2nd period - Shot by Lawson Crouse.
18:02 of 2nd period - Stopped by Cory Schneider with a rebound.
18:18 of 2nd period - Johan Larsson is hit by Lawson Crouse and loses puck.
18:23 of 2nd period - Shot by Lawson Crouse.
18:23 of 2nd period - Stopped by Cory Schneider without a rebound.
18:24 of 2nd period - T.J. Tynan wins face-off versus Riley Nash in TEXAS TOROS zone.
18:31 of 2nd period - Shot by Riley Nash.
18:31 of 2nd period - Stopped by Andrew Hammond with a rebound.
18:44 of 2nd period - Shot by Mario Kempe.
18:44 of 2nd period - Shot Misses the Net.
18:46 of 2nd period - Shot by Nick Leddy.
18:46 of 2nd period - Stopped by Cory Schneider without a rebound.
18:47 of 2nd period - Jesperi Kotkaniemi wins face-off versus Nick Schmaltz in TEXAS TOROS zone.
18:52 of 2nd period - Shot by Jesperi Kotkaniemi.
18:52 of 2nd period - Shot Blocked by Braydon Coburn.
18:56 of 2nd period - Shot by Connor Brown.
18:56 of 2nd period - Goal by Connor Brown - BOISE CARIBOUS : 2 - TEXAS TOROS : 2.
18:57 of 2nd period - Kyle Turris wins face-off versus Nick Schmaltz in neutral zone.
19:03 of 2nd period - Off-side.
19:04 of 2nd period - Nick Schmaltz wins face-off versus T.J. Tynan in neutral zone.
19:06 of 2nd period - Erik Gustafsson is hit by Mike Reilly.
19:12 of 2nd period - Johan Larsson is hit by Mario Kempe and loses puck.
19:42 of 2nd period - Off-side.
19:43 of 2nd period - Kyle Turris wins face-off versus Derek Stepan in neutral zone.
Goals for this period are 2 for BOISE CARIBOUS vs 1 for TEXAS TOROS.
Shots for this period are 9 for BOISE CARIBOUS vs 9 for TEXAS TOROS.

3rd period


0:01 of 3rd period - Derek Stepan wins face-off versus Radek Faksa in neutral zone.
0:14 of 3rd period - Shot by Brock McGinn.
0:14 of 3rd period - Shot Blocked by Nick Leddy.
0:20 of 3rd period - Shot by Thomas Vanek.
0:20 of 3rd period - Deflect By Radek Faksa.
0:20 of 3rd period - Shot Misses the Net.
0:26 of 3rd period - Shot by Andre Burakovsky.
0:26 of 3rd period - Shot Misses the Net.
0:29 of 3rd period - Thomas Vanek is hit by David Savard and loses puck.
0:57 of 3rd period - Off-side.
0:58 of 3rd period - Kyle Turris wins face-off versus Nick Schmaltz in neutral zone.
1:01 of 3rd period - Johan Larsson is hit by Lawson Crouse and loses puck.
1:24 of 3rd period - Shot by Kyle Turris.
1:24 of 3rd period - Stopped by Cory Schneider without a rebound.
1:25 of 3rd period - Jesperi Kotkaniemi wins face-off versus Jack Roslovic in TEXAS TOROS zone.
1:48 of 3rd period - Shot by Tyson Barrie.
1:48 of 3rd period - Stopped by Andrew Hammond without a rebound.
1:49 of 3rd period - T.J. Tynan wins face-off versus Nick Schmaltz in BOISE CARIBOUS zone.
1:49 of 3rd period - T.J. Tynan is hit by Jake Virtanen.
1:57 of 3rd period - Icing by David Savard.
1:58 of 3rd period - Radek Faksa wins face-off versus Nick Schmaltz in TEXAS TOROS zone.
2:14 of 3rd period - Off-side.
2:15 of 3rd period - Darren Helm wins face-off versus Derek Stepan in neutral zone.
2:53 of 3rd period - Shot by Sven Baertschi.
2:53 of 3rd period - Stopped by Andrew Hammond without a rebound.
2:54 of 3rd period - Brian Boyle wins face-off versus Nick Schmaltz in BOISE CARIBOUS zone.
3:13 of 3rd period - Off-side.
3:14 of 3rd period - Kyle Turris wins face-off versus Riley Nash in neutral zone.
3:17 of 3rd period - Shot by Lawson Crouse.
3:17 of 3rd period - Shot Blocked by Dmitry Kulikov.
3:19 of 3rd period - Shot by Mirco Mueller.
3:19 of 3rd period - Shot Misses the Net.
3:36 of 3rd period - Shot by Kyle Turris.
3:36 of 3rd period - Shot Blocked by Dmitry Kulikov.
3:44 of 3rd period - Shot by Riley Nash.
3:44 of 3rd period - Shot Hit the Post.
4:33 of 3rd period - Shot by Tyson Barrie.
4:33 of 3rd period - Shot Blocked by Radek Faksa.
4:35 of 3rd period - Shot by Brock McGinn.
4:35 of 3rd period - Goal by Brock McGinn - BOISE CARIBOUS : 2 - TEXAS TOROS : 3.
4:36 of 3rd period - Jesperi Kotkaniemi wins face-off versus Nick Schmaltz in neutral zone.
4:38 of 3rd period - Off-side.
4:39 of 3rd period - Jesperi Kotkaniemi wins face-off versus Nick Schmaltz in neutral zone.
4:43 of 3rd period - Brian Boyle is hit by David Savard and loses puck.
4:54 of 3rd period - Shot by Nick Schmaltz.
4:54 of 3rd period - Stopped by Andrew Hammond without a rebound.
4:55 of 3rd period - T.J. Tynan wins face-off versus Derek Stepan in BOISE CARIBOUS zone.
5:59 of 3rd period - Shot by Connor Brown.
5:59 of 3rd period - Stopped by Cory Schneider without a rebound.
6:00 of 3rd period - Kyle Turris wins face-off versus Nick Schmaltz in TEXAS TOROS zone.
6:22 of 3rd period - Kyle Turris is hit by David Savard and loses puck.
6:35 of 3rd period - Shot by Melker Karlsson.
6:35 of 3rd period - Shot Misses the Net.
7:04 of 3rd period - Off-side.
7:05 of 3rd period - Jesperi Kotkaniemi wins face-off versus Riley Nash in neutral zone.
7:42 of 3rd period - Icing by Tyson Barrie.
7:43 of 3rd period - Riley Nash wins face-off versus Radek Faksa in TEXAS TOROS zone.
7:43 of 3rd period - Riley Nash is hit by Thomas Vanek.
9:16 of 3rd period - Shot by Johan Larsson.
9:16 of 3rd period - Stopped by Andrew Hammond with a rebound.
9:40 of 3rd period - Shot by Nick Cousins.
9:40 of 3rd period - Stopped by Andrew Hammond with a rebound.
9:42 of 3rd period - Shot by Erik Johnson.
9:42 of 3rd period - Deflect By Nick Cousins.
9:42 of 3rd period - Shot Misses the Net.
9:44 of 3rd period - Shot by Justin Abdelkader.
9:44 of 3rd period - Shot Misses the Net.
9:46 of 3rd period - Shot by Nick Cousins.
9:46 of 3rd period - Shot Misses the Net.
10:58 of 3rd period - Icing by Nick Leddy.
10:59 of 3rd period - T.J. Tynan wins face-off versus Brock McGinn in BOISE CARIBOUS zone.
10:59 of 3rd period - T.J. Tynan is hit by Brock McGinn.
11:18 of 3rd period - Off-side.
11:19 of 3rd period - Nick Schmaltz wins face-off versus Kyle Turris in neutral zone.
11:19 of 3rd period - Jake Virtanen is hit by Lawson Crouse.
11:21 of 3rd period - Shot by Johan Larsson.
11:21 of 3rd period - Shot Misses the Net.
11:23 of 3rd period - Shot by Jake Virtanen.
11:23 of 3rd period - Stopped by Andrew Hammond without a rebound.
11:24 of 3rd period - Derek Stepan wins face-off versus Jesperi Kotkaniemi in BOISE CARIBOUS zone.
11:29 of 3rd period - Shot by Brock McGinn.
11:29 of 3rd period - Stopped by Andrew Hammond without a rebound.
11:30 of 3rd period - Radek Faksa wins face-off versus Derek Stepan in BOISE CARIBOUS zone.
11:30 of 3rd period - Radek Faksa is hit by Brock McGinn.
12:24 of 3rd period - Brock McGinn is hit by Lawson Crouse and loses puck.
13:27 of 3rd period - Shot by Nick Cousins.
13:27 of 3rd period - Shot Blocked by Connor Brown.
13:29 of 3rd period - Shot by Nick Cousins.
13:29 of 3rd period - Deflect By Jack Roslovic.
13:29 of 3rd period - Stopped by Andrew Hammond without a rebound.
13:30 of 3rd period - Riley Nash wins face-off versus Radek Faksa in BOISE CARIBOUS zone.
13:35 of 3rd period - Icing by Mirco Mueller.
13:36 of 3rd period - Nick Cousins wins face-off versus Radek Faksa in BOISE CARIBOUS zone.
13:41 of 3rd period - Shot by Justin Abdelkader.
13:41 of 3rd period - Stopped by Andrew Hammond with a rebound.
14:06 of 3rd period - Mike Reilly is hit by Justin Abdelkader and loses puck.
14:42 of 3rd period - Shot by Brian Boyle.
14:42 of 3rd period - Stopped by Cory Schneider with a rebound.
15:02 of 3rd period - Icing by Dmitry Kulikov.
15:03 of 3rd period - Nick Cousins wins face-off versus Kyle Turris in TEXAS TOROS zone.
15:03 of 3rd period - Nick Cousins is hit by Lawson Crouse.
15:29 of 3rd period - Shot by Lawson Crouse.
15:29 of 3rd period - Shot Misses the Net.
15:31 of 3rd period - Shot by Melker Karlsson.
15:31 of 3rd period - Goal by Melker Karlsson - BOISE CARIBOUS : 3 - TEXAS TOROS : 3.
15:32 of 3rd period - Derek Stepan wins face-off versus T.J. Tynan in neutral zone.
15:42 of 3rd period - Icing by Derek Stepan.
15:43 of 3rd period - Derek Stepan wins face-off versus Radek Faksa in TEXAS TOROS zone.
15:52 of 3rd period - Shot by Derek Stepan.
15:52 of 3rd period - Shot Misses the Net.
16:51 of 3rd period - Shot by Nick Schmaltz.
16:51 of 3rd period - Stopped by Andrew Hammond without a rebound.
16:52 of 3rd period - Riley Nash wins face-off versus Jesperi Kotkaniemi in BOISE CARIBOUS zone.
17:03 of 3rd period - Shot by Riley Nash.
17:03 of 3rd period - Shot Misses the Net.
17:06 of 3rd period - Icing by Greg Pateryn.
17:07 of 3rd period - Jesperi Kotkaniemi wins face-off versus Nick Schmaltz in BOISE CARIBOUS zone.
17:07 of 3rd period - Brian Boyle is hit by Jake Virtanen and loses puck.
17:17 of 3rd period - Brian Boyle is hit by Tyson Barrie and loses puck.
17:34 of 3rd period - Shot by Brian Boyle.
17:34 of 3rd period - Shot Misses the Net.
18:03 of 3rd period - Icing by Nick Leddy.
18:04 of 3rd period - Derek Stepan wins face-off versus Kyle Turris in BOISE CARIBOUS zone.
18:23 of 3rd period - Shot by Kyle Turris.
18:23 of 3rd period - Deflect By Lawson Crouse.
18:23 of 3rd period - Shot Misses the Net.
18:31 of 3rd period - Shot by Derek Stepan.
18:31 of 3rd period - Goal by Derek Stepan - BOISE CARIBOUS : 3 - TEXAS TOROS : 4.
18:32 of 3rd period - T.J. Tynan wins face-off versus Riley Nash in neutral zone.
18:35 of 3rd period - BOISE CARIBOUS, Andrew Hammond is pulled from the net.
18:45 of 3rd period - Shot by Darren Helm.
18:45 of 3rd period - Shot Blocked by Dmitry Kulikov.
19:49 of 3rd period - Shot by Nick Cousins.
19:49 of 3rd period - Shot Misses the Net.
Goals for this period are 1 for BOISE CARIBOUS vs 2 for TEXAS TOROS.
Shots for this period are 4 for BOISE CARIBOUS vs 12 for TEXAS TOROS.


AUSTON
MATTHEWS
JOEL
ERIKSSON
MATHEW
BARZAL

EAST COAST

HOCKEY LEAGUE

  • 21.PIT7MAN3
  • 22.ATL3NHW4
  • 23.WOR5PET4
  • 24.3RHI4
  • 25.QUECHI
  • 26.CHALIM
  • 27.TRVLON
  • 28.CHWBAL